 Dungeon Crawl Stone Soup version 0.30-a0-279-g4b46babb21 (webtiles) character file.

Game seed: 17836277931791733942

1033 SmokeWeed the Covert (level 8, -5/52 HPs)
             Began as an Octopode Brigand on Oct 16, 2022.
             Was a Follower of Uskayaw.
             Slain by a kobold brigand
             ... wielding a +0 short sword
              (9 damage)
             ... on level 6 of the Dungeon on Oct 17, 2022.
             The game lasted 00:37:24 (5141 turns).

SmokeWeed the Covert (Octopode Brigand)             Turns: 5141, Time: 00:37:25

Health: -5/52      AC:  1    Str: 12    XL:     8   Next: 24%
Magic:  0/8        EV: 13    Int: 14    God:    Uskayaw [*.....]
Gold:   245        SH:  0    Dex: 13    Spells: 6/7 levels left

rFire   . . .      SeeInvis .    j - +1 rapier
rCold   . . .      Faith    .    (no shield)
rNeg    . . .      Spirit   +    (helmet restricted)
rPois   .          Reflect  .    q - amulet of guardian spirit
rElec   .          Harm     .    (no ring)
rCorr   .          Rampage  .    (no ring)
Will    .....                    (no ring)
Stlth   +++++.....               (no ring)
HPRegen 0.28/turn                (no ring)
MPRegen 0.11/turn                (no ring)
                                 (no ring)
                                 (no ring)

@: no status effects
A: almost no armour, amphibious, 8 rings, camouflage 1, gelatinous body 1,
(nimble swimmer 1), tentacles
a: Renounce Religion, Stomp


You were on level 6 of the Dungeon.
You worshipped Uskayaw.
Uskayaw was noncommittal.
You visited 1 branch of the dungeon, and saw 6 of its levels.

You collected 245 gold pieces.

Inventory:

Hand Weapons
 a - a +2 dagger
 g - a +1 dagger of venom
 j - a +1 rapier (weapon)
 k - a +2 sling of flaming
Missiles
 b - 10 poisoned darts
 c - 3 curare-tipped darts
 t - 18 stones
Jewellery
 q - an amulet of guardian spirit (around mantle)
Wands
 p - a wand of polymorph (11)
Scrolls
 d - 4 scrolls of enchant weapon
 m - a scroll of identify
 r - a scroll of fog
 u - 2 scrolls of teleportation
Potions
 e - a potion of might {unknown}
 f - 3 potions of flight
 h - 4 potions of curing
 i - 2 potions of attraction
 l - a potion of brilliance {unknown}
 n - a potion of resistance {unknown}
 o - 2 potions of heal wounds
 s - a potion of haste


   Skills:
 + Level 3.5 Fighting
 + Level 4.7 Short Blades
 + Level 2.6 Ranged Weapons
 + Level 4.0 Throwing
 + Level 2.2 Dodging
 + Level 9.7 Stealth


You had 6 spell levels left.
You knew the following spells:

 Your Spells              Type           Power      Damage    Failure   Level
a - Slow                  Hex            0%         N/A       28%         1

Your spell library contained the following spells:

 Spells                   Type           Power      Damage    Failure   Level
 Confusing Touch          Hex            0%         N/A       65%         3
 Ignite Poison            Fire/Tmut/Pois 0%         N/A       65%         3
 Kindle Blastsparks       Fire/Tloc/Air  0%         2d10      65%         3
 Vampiric Draining        Necr           0%         2d6       65%         3
 Anguish                  Hex/Necr       0%         N/A       96%         4
 Petrify                  Tmut/Erth      0%         N/A       96%         4
 Freezing Cloud           Conj/Ice/Air   0%         6-21      100%        5
 Irradiate                Conj/Tmut      0%         3d11      100%        5
 Enfeeble                 Hex            0%         N/A       100%        7
 Chain Lightning          Conj/Air       0%         N/A       100%        9


Dungeon Overview and Level Annotations

Branches:
Dungeon (6/15)
 Temple: D:4-7

Altars:
Kikubaaqudgha
Uskayaw
Vehumet
Wu Jian
Zin

Shops:
D:3 :

Annotations:
D:5 2 transporters, glaedl's ghost, novice MiHu


Innate Abilities, Weirdness & Mutations

You cannot wear most types of armour.
You are amphibious.
You can wear up to eight rings at the same time.
Your skin changes colour to match your surroundings (Stealth+).
Your rubbery body absorbs attacks. (AC +1, EV +1)
((You are camouflaged when in or above water. (Stealth+)))
You have tentacles for arms and can constrict up to eight enemies at once.


Message History

Your iguana dissolves into shadows!
The kobold brigand throws a poisoned dart.
The poisoned dart hits you.
You are poisoned.
You feel sick.
The kobold brigand hits you with a +0 short sword.
You barely miss the kobold brigand. Your grab misses the kobold brigand.
Your squeeze misses the kobold brigand.
The kobold brigand is heavily wounded.
You feel sick.
The kobold brigand hits you with a +0 short sword!
The kobold brigand attacks as you move away!
The kobold brigand closely misses you.
You feel sick.
There is an open door here.
The kobold brigand attacks as you move away!
The kobold brigand hits you with a +0 short sword.
You feel sick.
You feel sick.
You are no longer poisoned.
The kobold brigand attacks as you move away!
The kobold brigand hits you with a +0 short sword!
* * * LOW HITPOINT WARNING * * *
The kobold brigand hits you with a +0 short sword!
* * * LOW HITPOINT WARNING * * *
You barely miss the orc warrior. You grab the orc warrior.
You squeeze the orc warrior, but do no damage.
The orc warrior is severely wounded.
You constrict the orc warrior, but do no damage.
The kobold brigand closely misses you. The orc warrior barely misses you.
You hit the orc warrior but do no damage.
The orc warrior is severely wounded.
You constrict the orc warrior, but do no damage.
The kobold brigand hits you with a +0 short sword.
* * * LOW HITPOINT WARNING * * *
The orc warrior completely misses you.
You hit the orc warrior. You squeeze the orc warrior.
The orc warrior is severely wounded.
You constrict the orc warrior.
The kobold brigand hits you with a +0 short sword!
You die...

........##.# #...####'### #
....#...##.# #........# ###
#..........###########...####..
#....##................#....#..
###### ##.###################.#..
...# #...#..### #.#.. ...###
#.#......### #.#.. .....#
#.###...K..### #.#.. ...#.#.#.#
#'#.o@...### #.#.. g......#.#
#.###......### #.###
g....###.###.))###......### #.#
...........###...###......#+#.###
.##.######## ###)..###......#....
.# ... ##†.##...†..##.### .# ##.#
.##......###.#.. .# .#
##......##.#.##. ## #
##......##..#....


You could see an orc warrior and a kobold brigand.

Vanquished Creatures
  An ice beast (D:5)
  3 ogres
  A necrophage (D:6)
  A howler monkey (D:6)
  3 jellies
  An orc priest (D:6)
  3 hounds
  Ijyb (D:3)
  3 iguanas (D:5)
  10 adders
  4 gnolls (D:5)
  A river rat (D:5)
  An ufetubus (D:4)
  2 worms (D:4)
  3 dart slugs
  6 orcs
  7 endoplasms
  3 giant cockroaches (D:4)
  8 goblins
  10 hobgoblins
  8 jackals
  5 kobolds
  6 quokkas
  4 ball pythons
  4 bats
  2 frilled lizards (D:3)
  7 rats
  A spectral hobgoblin (D:1)
109 creatures vanquished.

Vanquished Creatures (collateral kills)
  An orc wizard (D:6)
  An adder (D:6)
2 creatures vanquished.

Vanquished Creatures (others)
  6 plants (D:5)
6 creatures vanquished.

Grand Total: 117 creatures vanquished

Notes
Turn   | Place    | Note
-------+----------+-------------------------------------------
     0 | D:1      | SmokeWeed the Octopode Brigand began the quest for the Orb.
     0 | D:1      | Reached XP level 1. HP: 14/14 MP: 1/1
    80 | D:1      | Found a faded altar of an unknown god.
   270 | D:1      | Reached XP level 2. HP: 18/18 MP: 2/2
   778 | D:2      | Found an ancient bone altar of Kikubaaqudgha.
   836 | D:2      | Reached skill level 6 in Stealth
   999 | D:2      | Reached XP level 3. HP: 24/24 MP: 3/3
  1244 | D:2      | Reached skill level 7 in Stealth
  1276 | D:2      | Reached XP level 4. HP: 29/29 MP: 4/4
  2139 | D:3      | Noticed Ijyb
  2142 | D:3      | Killed Ijyb
  2195 | D:3      | Found Luisk's Book Emporium.
  2235 | D:3      | Reached XP level 5. HP: 34/34 MP: 5/5
  2366 | D:3      | Found an ornate altar of the Wu Jian Council.
  2391 | D:3      | Found a hide-covered altar of Uskayaw.
  2395 | D:3      | Became a worshipper of Uskayaw the Reveller
  2668 | D:4      | Reached * piety under Uskayaw
  2676 | D:4      | Noticed an ogre
  2722 | D:4      | Killed an ogre
  2723 | D:4      | Reached skill level 8 in Stealth
  3008 | D:4      | Reached ** piety under Uskayaw
  3009 | D:4      | Reached XP level 6. HP: 40/40 MP: 6/6
  3011 | D:4      | Reached *** piety under Uskayaw
  3631 | D:5      | Entered Level 5 of the Dungeon
  3653 | D:5      | Reached skill level 9 in Stealth
  3655 | D:5      | Reached XP level 7. HP: 45/45 MP: 7/7
  3698 | D:5      | Found a radiant altar of Vehumet.
  4083 | D:5      | Got the Spellbook of Charged Moulding
  4090 | D:5      | Learned a level 1 spell: Slow
  4174 | D:5      | Found a transporter.
  4192 | D:5      | Noticed glaedl's ghost (novice MiHu)
  4204 | D:5      | Found a transporter.
  4209 | D:5      | Identified the +5 scale mail of the Sky {Dex+6}
  4540 | D:6      | Reached skill level 1 in Ranged Weapons
  4540 | D:6      | Reached XP level 8. HP: 52/52 MP: 8/8
  4595 | D:6      | Found a glowing silver altar of Zin.
  5141 | D:6      | Slain by a kobold brigand

Illustrated notes

Levels and vault maps discovered:
D:1:      minmay_arrival_pointy, layout_loops_ring,
          dreamdust_ecumenical_altar_drowned_temple
D:2:      layout_loops_ring, basic_altar, kennysheep_doodads
D:3:      layout_loops_corners, mainiacjoe_overflow_swirl, serial_shops, shop,
          uniq_ijyb
D:4:      minmay_wonky_spiral, layout_loops_ring
D:5:      layout_basic, nicolae_vehumet_radiance, gammafunk_ghost_gnarly_gnolls,
          st_stairs_2
D:6:      minmay_razor_zed, layout_basic, elyvilon_altar_3, zin_scriptorium

Skill      XL: |  1  2  3  4  5  6  7  8 |
---------------+-------------------------+-----
Stealth        | 6 7 8 9 |  9.7
Short Blades   | 3 4 |  4.7
Throwing       | 4 |  4.0
Dodging        | 2 |  2.2
Fighting       | 3 |  3.5
Ranged Weapons | 1 2 |  2.6

Action                   |  1- 3 |  4- 6 |  7- 9 || total
-------------------------+-------+-------+-------++-------
Melee: Dagger            |    31 |       |       ||    31
       Constrict         |     7 |    19 |     8 ||    34
       Tentacles         |     5 |    13 |    11 ||    29
       Rapier            |    23 |    79 |    57 ||   159
       Punch             |     1 |     1 |       ||     2
 Fire: Sling             |       |       |    29 ||    29
Throw: Dart              |       |    23 |    42 ||    65
 Cast: Slow              |       |       |     1 ||     1
Evoke: Wand              |       |       |     1 ||     1
  Use: Scroll            |       |    11 |     6 ||    17
       Potion            |       |     1 |     2 ||     3
 Stab: Sleeping          |    13 |    23 |     7 ||    43
       Paralysed         |       |       |     2 ||     2
Armor: Skin              |     3 |     3 |     3 ||     9
Dodge: Dodged            |    26 |    47 |    48 ||   121

Table legend: (Time is in decaauts)
 A = Elapsed time spent in this place.
 B = Non-inter-level travel time spent in this place.
 C = Inter-level travel time spent in this place.
 D = Time resting spent in this place.
 E = Time spent auto-exploring this place.
 F = Levels seen in this place.
 G = Mean time per level.
                   A        B        C        D        E       F      G
               +--------+--------+--------+--------+--------+-----+--------+
         Total |   5123 |   4906 |    217 |    499 |   3312 |   6 |  853.8 |
       Dungeon |   5123 |   4906 |    217 |    499 |   3312 |   6 |  853.8 |
               +--------+--------+--------+--------+--------+-----+--------+

Top non-repeatable levels by time:
     D:4: 1128 daAuts
     D:5: 970 daAuts
     D:2: 876 daAuts
     D:3: 872 daAuts
     D:1: 735 daAuts
     D:6: 540 daAuts
